Map: Heavy Artillery LE

Players

Summer - Winner!

  • Race: Zerg Zerg
  • Spawn Location: 7:00

HALqooo - Winner!

  • Race: Terran Terran
  • Spawn Location: 7:00

qqq

  • Race: Zerg Zerg
  • Spawn Location: 1:00

Massa

  • Race: Terran Terran
  • League: Platinum
  • Spawn Location: 3:00

VOD

Have the link to the VOD?

Description

Time

  • Played on: Feb. 8, 2021, 12:38 p.m.
  • Length: 19:07
Show
View Real Time Build Order
Export as new Build Order

Summer Zerg - Winner!

Build Orders: Hatch First, Muta Ling Bane 

Get SALT Encoding   

  12  0:00  Drone  
  13  0:08  Drone  
  14  0:17  Overlord  
  17  0:35  Drone x3  
  17  0:52  Hatchery  
  17  0:55  Drone  
  17  0:58  Drone  
  18  1:10  Extractor  
  17  1:12  Spawning Pool  
  17  1:16  Drone  
  17  1:19  Drone  
  18  1:29  Drone  
  19  1:40  Overlord  
  19  1:51  Drone  
  20  1:59  Queen  
  22  2:03  Queen  
  22  2:05  Drone x2  
  26  2:11  Metabolic Boost  
  26  2:21  Drone x2  
  28  2:28  Zergling x4  
  30  2:34  Queen  
  32  2:44  Drone x2  
  34  2:57  Drone x2  
  36  3:02  Overlord x2  
  36  3:12  Hatchery  
  35  3:17  Drone  
  36  3:20  Queen  
  36  3:22  Drone x5  
  43  3:28  Extractor  
  43  3:33  Drone x3  
  45  3:48  Drone x2  
  45  3:49  Drone x3  
  45  3:52  Extractor  
  45  3:53  Extractor  
  48  4:00  Zergling x4  
  50  4:15  Drone x2  
  50  4:17  Lair, Overlord  
  52  4:18  Overlord  
  52  4:31  Baneling Nest  
  52  4:33  Drone x3  
  52  4:34  Drone x2  
  56  4:45  Drone x5  
  61  5:03  Drone x7  
  68  5:13  Drone  
  68  5:14  Drone x5  
  74  5:15  Overlord x3  
  74  5:25  Spire  
  74  5:27  Evolution Chamber  
  74  5:28  Drone x3, Evolution Chamber  
  74  5:29  Overlord x2  
  74  5:32  Extractor x2  
  71  5:43  Zergling x12  
  77  5:52  Centrifical Hooks  
  77  5:54  Zerg Melee Weapons Level 1, Zerg Ground Armor Level 1  
  82  5:57  Drone x6  
  83  6:08  Spore Crawler  
  82  6:12  Drone x3  
  82  6:15  Baneling  
  82  6:16  Baneling x6  
  82  6:18  Hatchery, Overlord x3  
  85  6:25  Queen  
  86  6:30  Overlord  
  86  6:31  Overlord x2  
  86  6:37  Zerg Flyer Weapons Level 1  
  86  6:44  Mutalisk x9  
  104  6:58  Drone x10  
  114  7:15  Spore Crawler  
  113  7:16  Spore Crawler  
  113  7:22  Drone x10  
  122  7:29  Mutalisk  
  124  7:30  Mutalisk x4  
  124  7:32  Overlord  
  132  7:39  Extractor  
  132  7:40  Extractor  
  130  7:50  Mutalisk x6  
  140  8:29  Zergling x2  
  140  8:30  Zergling x38  
  140  8:32  Baneling  
  140  8:33  Baneling x9  
  160  8:34  Zerg Ground Armor Level 2, Zerg Melee Weapons Level 2  
  160  8:42  Overlord x4  
  160  8:47  Infestation Pit  
  159  8:53  Drone x8  
  167  8:58  Baneling  
  167  8:59  Spine Crawler, Baneling x11  
  167  9:00  Baneling x11  
  166  9:14  Overseer x3  
  166  9:17  Pneumatized Carapace  
  166  9:23  Hive  
  166  9:25  Zerg Flyer Weapons Level 2  
  166  9:36  Drone x2  
  166  9:37  Drone x2  
  170  9:45  Zergling x6  
  171  9:46  Zergling x34  
  190  10:01  Hatchery  
  189  10:11  Mutalisk x5  
  199  10:25  Overlord  
  199  10:26  Overlord x7  
  199  10:52  Zerg Melee Weapons Level 3  
  199  10:53  Ultralisk Cavern  
  199  10:54  Zerg Ground Armor Level 3  
  198  11:27  Drone, Extractor x2  
  198  11:28  Drone x2  
  199  11:37  Neural Parasite  
  199  11:39  Chitinous Plating  
  193  12:26  Ultralisk  
  197  12:41  Mutalisk  
  197  12:49  Drone x2, Spine Crawler  
  198  12:58  Anabolic Synthesis  
  198  13:00  Hatchery  
  197  13:07  Greater Spire  
  197  13:10  Spire  
  196  13:13  Baneling  
  196  13:14  Baneling x19  
  196  13:15  Baneling x8  
  196  13:22  Queen  
  198  13:32  Spore Crawler  
  167  14:10  Ultralisk  
  167  14:11  Ultralisk x4  
  177  14:20  Ultralisk  
  177  14:21  Ultralisk x6  
  195  14:26  Corruptor x2  
  197  15:00  Zerg Missile Weapons Level 1  
  197  15:04  Corruptor  
  192  15:28  Ultralisk  
  192  15:30  Ultralisk  
  192  15:35  Ultralisk x3  
  196  15:37  Ultralisk  
  184  16:00  Ultralisk  
  184  16:01  Ultralisk  
  190  16:42  Extractor  
  190  16:45  Extractor  
  188  17:03  Corruptor x9  
  188  17:04  Corruptor x3  
  188  17:07  Ultralisk x2  
  194  17:24  Ultralisk  
  192  17:40  Mutalisk  
  192  17:41  Ultralisk  
  192  17:42  Ultralisk  
Show
View Real Time Build Order
Export as new Build Order

HALqooo Terran - Winner!

Build Orders: Reaper Expand, Mech 

Get SALT Encoding   

  12  0:00  SCV  
  13  0:12  SCV  
  14  0:19  Supply Depot  
  14  0:24  SCV  
  15  0:40  SCV  
  15  0:41  Barracks  
  16  0:45  Refinery  
  16  0:53  SCV  
  17  1:06  SCV  
  18  1:20  SCV  
  19  1:28  Reaper  
  20  1:34  Orbital Command  
  20  1:45  Command Center  
  20  2:01  Supply Depot  
  20  2:03  Marine  
  20  2:06  SCV  
  22  2:14  Factory  
  22  2:19  Refinery  
  22  2:20  SCV  
  23  2:39  Barracks Reactor, SCV  
  24  2:51  SCV  
  25  2:59  Factory Tech Lab  
  25  3:00  Orbital Command, Bunker  
  25  3:04  Supply Depot  
  25  3:14  SCV  
  26  3:20  Marine  
  26  3:21  Marine  
  26  3:23  Starport, Cyclone  
  26  3:25  SCV  
  32  3:28  SCV  
  33  3:38  SCV  
  33  3:40  SCV, Marine x2  
  37  3:50  SCV  
  37  3:55  Command Center  
  38  3:59  Marine x2  
  40  4:04  Liberator  
  40  4:06  SCV x2  
  45  4:18  SCV x2  
  45  4:20  Supply Depot  
  47  4:25  Refinery  
  47  4:26  Marine, Siege Tank  
  47  4:30  SCV x2  
  53  4:37  Supply Depot  
  53  4:42  SCV x2, Factory  
  55  4:52  Refinery  
  55  4:54  SCV x2  
  55  4:55  Starport Reactor  
  55  4:57  Infernal Pre-Igniter  
  57  5:06  SCV x2  
  59  5:08  Orbital Command  
  59  5:18  SCV x2  
  61  5:24  Armory  
  61  5:26  Factory Reactor  
  61  5:27  Armory, Marine x2  
  63  5:30  SCV  
  63  5:31  SCV  
  65  5:43  SCV x2  
  67  5:53  Siege Tank  
  67  5:54  Marine x2, Viking x2  
  67  5:55  SCV  
  77  6:00  Factory  
  74  6:12  Orbital Command  
  74  6:13  Hellion x2, Terran Vehicle Weapons Level 1  
  75  6:22  Marine x2  
  75  6:23  Refinery x2  
  77  6:26  Supply Depot  
  77  6:48  Factory Tech Lab  
  77  6:49  Supply Depot  
  77  6:50  Terran Vehicle And Ship Armor Level 1, Supply Depot  
  77  6:54  SCV x3  
  77  7:00  Supply Depot x2  
  80  7:02  Hellion x2  
  80  7:04  Thor  
  80  7:06  SCV x3  
  93  7:09  Command Center  
  93  7:15  Siege Tank  
  96  7:16  Factory  
  96  7:18  SCV x2  
  96  7:19  SCV  
  99  7:23  Hellion, Engineering Bay  
  101  7:30  SCV x2  
  103  7:40  SCV  
  103  7:42  SCV  
  103  7:43  SCV  
  105  7:46  Hellion x2  
  105  7:47  Viking x2, Siege Tank  
  116  7:55  Siege Tank  
  119  7:59  Factory Tech Lab  
  119  8:06  SCV  
  119  8:07  SCV x2, Hellion, Factory  
  124  8:13  Factory  
  124  8:19  SCV  
  125  8:21  SCV x2, Hellion  
  125  8:23  Supply Depot  
  125  8:25  Supply Depot  
  125  8:26  Supply Depot  
  121  8:42  SCV x3  
  121  8:47  Orbital Command, Missile Turret  
  122  8:51  Missile Turret  
  122  8:53  Terran Vehicle And Ship Armor Level 2, Hellion x2  
  122  8:54  SCV x3  
  122  8:55  Terran Vehicle Weapons Level 2  
  129  8:56  Liberator  
  129  8:57  Liberator  
  129  8:58  Siege Tank  
  129  9:00  Command Center, Siege Tank  
  141  9:12  SCV  
  141  9:13  SCV  
  141  9:14  Hellion  
  145  9:17  Factory Reactor x2  
  145  9:28  Orbital Command  
  145  9:30  Siege Tank  
  148  9:31  Factory  
  148  9:36  SCV x2  
  148  9:38  Supply Depot  
  150  9:39  Supply Depot x2  
  146  10:08  Hellion, Thor, Siege Tank x2  
  146  10:09  Hellion x5  
  170  10:15  Refinery  
  170  10:30  Hellion  
  172  10:39  Thor  
  172  10:42  Refinery  
  178  10:46  Hellion x2  
  178  10:48  Factory Tech Lab  
  182  10:50  Hellion, Sensor Tower, Thor  
  182  10:51  Hellion  
  182  10:52  Missile Turret  
  182  10:53  Missile Turret  
  192  11:02  Fusion Core  
  192  11:07  Hellion  
  192  11:08  Hellion  
  196  11:12  Hellion  
  198  11:19  Planetary Fortress  
  198  11:25  Command Center x2  
  198  11:27  Hellion, Terran Vehicle Weapons Level 3  
  198  11:28  Terran Vehicle And Ship Armor Level 3  
  200  11:34  Neosteel Armor  
  200  11:50  Missile Turret  
  200  11:52  Missile Turret  
  195  12:04  Missile Turret x2  
  195  12:09  Missile Turret  
  195  12:10  Missile Turret  
  195  12:17  Missile Turret  
  169  13:02  SCV  
  169  13:04  Thor x2  
  169  13:05  Siege Tank x2  
  176  13:12  Orbital Command x2  
  176  13:19  SCV x3  
  180  13:20  SCV x2  
  181  13:31  SCV  
  181  13:33  Starport, Advanced Ballistics  
  182  13:34  Starport x2  
  182  13:35  Terran Infantry Weapons Level 1  
  182  13:37  Siege Tank x2  
  188  13:47  Hellion, Thor  
  188  13:48  Hellion x2  
  196  14:09  Thor  
  149  14:43  Thor x2  
  149  14:44  Factory Reactor  
  153  14:46  Hellion x6  
  153  14:52  Thor  
  171  15:05  Terran Ship Weapons Level 1  
  165  15:07  Starport Tech Lab x3, Hellion  
  165  15:08  Hellion x3  
  169  15:26  Thor, Siege Tank  
  178  15:35  Siege Tank  
  168  15:58  Siege Tank  
  171  16:05  Sensor Tower  
  171  16:06  Thor  
  171  16:09  Thor  
  159  16:24  Missile Turret  
  159  16:29  Command Center  
  159  16:32  Refinery  
  155  16:33  Refinery  
  155  16:36  Missile Turret x2  
  152  16:40  Missile Turret  
  144  16:51  Missile Turret  
  144  16:53  Thor x3  
  138  16:56  Hellion x6  
  138  16:57  Hellion x2  
  151  17:15  Battlecruiser x3  
  169  17:17  Hellion  
  169  17:18  Hellion x7  
  185  17:36  Thor x2, Siege Tank  
  198  17:39  Hellion  
  200  17:50  Planetary Fortress  
  200  18:00  Barracks  
  198  18:19  Thor, Siege Tank  
  192  18:41  Hellion  
  192  18:42  Hellion x4  
Show
View Real Time Build Order
Export as new Build Order

qqq Zerg 

Build Orders: Hatch First, Lurkers 

Get SALT Encoding   

  12  0:01  Drone  
  13  0:08  Drone  
  14  0:18  Overlord  
  14  0:43  Hatchery  
  13  0:51  Drone  
  13  0:54  Drone  
  15  0:57  Drone  
  16  1:18  Drone x2  
  16  1:23  Spawning Pool  
  16  1:24  Extractor  
  16  1:29  Drone  
  17  1:35  Drone  
  18  1:47  Drone  
  19  1:57  Drone x2  
  21  2:10  Drone  
  21  2:12  Queen x2  
  26  2:18  Overlord  
  26  2:19  Drone  
  26  2:21  Zergling x2  
  28  2:27  Metabolic Boost  
  28  2:34  Overlord  
  28  2:36  Drone  
  29  2:43  Zergling x2  
  30  2:45  Drone  
  32  2:51  Drone  
  32  3:03  Drone  
  33  3:11  Lair  
  33  3:14  Drone  
  33  3:17  Hatchery, Drone  
  34  3:24  Zergling x2  
  34  3:25  Overlord  
  35  3:28  Drone  
  35  3:30  Extractor, Drone  
  35  3:31  Drone  
  37  3:35  Drone  
  37  3:38  Drone  
  37  3:39  Drone  
  41  3:41  Drone  
  41  3:44  Zergling x2  
  42  3:55  Zergling x2  
  42  3:56  Zergling x2  
  42  3:57  Drone  
  45  4:04  Extractor, Drone x3  
  45  4:05  Drone, Extractor  
  45  4:08  Overlord  
  47  4:16  Hydralisk Den  
  46  4:17  Drone  
  46  4:18  Drone  
  46  4:19  Evolution Chamber x2  
  46  4:20  Drone  
  46  4:23  Drone  
  48  4:32  Drone  
  48  4:33  Drone x3  
  48  4:34  Drone  
  53  4:44  Drone  
  53  4:45  Drone  
  55  4:52  Drone x2  
  56  4:54  Queen  
  56  4:57  Hydralisk x2  
  62  5:00  Muscular Augments  
  62  5:03  Zerg Missile Weapons Level 1  
  62  5:09  Zerg Ground Armor Level 1  
  62  5:10  Drone  
  62  5:11  Drone  
  64  5:20  Drone  
  65  5:21  Spore Crawler  
  65  5:26  Drone  
  65  5:29  Overlord x3  
  65  5:37  Drone  
  66  5:45  Overseer  
  66  5:46  Hydralisk  
  66  5:47  Hydralisk x2  
  66  5:49  Drone  
  73  5:50  Hydralisk x3  
  73  5:51  Hydralisk  
  75  6:06  Drone x2  
  77  6:21  Drone, Hydralisk x3  
  77  6:23  Hydralisk  
  86  6:31  Hatchery, Lurker Den  
  86  6:32  Hatchery  
  83  6:33  Overlord x2  
  83  6:34  Overlord  
  83  6:38  Grooved Spines  
  83  6:47  Spore Crawler  
  83  6:48  Spine Crawler  
  83  6:52  Drone x3  
  83  6:53  Hydralisk x2  
  88  6:55  Hydralisk  
  90  7:04  Zerg Missile Weapons Level 2  
  90  7:05  Zerg Ground Armor Level 2  
  90  7:10  Drone  
  90  7:12  Infestation Pit  
  90  7:14  Drone  
  91  7:16  Extractor  
  91  7:18  Extractor  
  89  7:27  Drone  
  89  7:28  Hydralisk x4  
  98  7:30  Hydralisk  
  98  7:35  Hydralisk  
  98  7:36  Drone  
  101  7:59  Spore Crawler  
  101  8:01  Spore Crawler x2  
  101  8:02  Hive  
  101  8:05  Spore Crawler x2  
  96  8:08  Spore Crawler x2  
  96  8:09  Spore Crawler  
  96  8:10  Spore Crawler  
  96  8:11  Spore Crawler  
  96  8:12  Drone x3  
  94  8:13  Drone x3, Spore Crawler  
  96  8:24  Queen  
  92  8:48  Spore Crawler  
  92  8:49  Spore Crawler  
  92  8:50  Drone x5  
  92  8:54  Spore Crawler  
  94  8:59  Lurker  
  94  9:00  Lurker  
  94  9:02  Lurker  
  97  9:03  Drone x3  
  97  9:05  Infestor x3  
  106  9:12  Hatchery  
  106  9:14  Drone x2  
  106  9:16  Viper  
  110  9:18  Zergling x4  
  112  9:28  Overlord x3  
  112  9:29  Overlord  
  112  9:33  Seismic Spines  
  112  9:53  Drone x4  
  112  9:54  Drone x2  
  118  10:07  Lurker  
  118  10:08  Lurker x3  
  122  10:17  Drone x4  
  126  10:33  Drone x3  
  129  11:01  Viper x4  
  141  11:04  Zergling x8  
  141  11:05  Zergling x10  
  141  11:08  Zerg Missile Weapons Level 3  
  141  11:09  Overlord  
  141  11:10  Overlord x5  
  150  11:28  Drone x2  
  150  11:29  Drone x5  
  150  11:31  Spore Crawler  
  156  11:35  Extractor  
  156  11:36  Extractor, Spore Crawler  
  156  11:38  Drone, Spore Crawler  
  156  11:39  Drone  
  154  11:44  Drone x3  
  154  11:45  Viper x2  
  154  11:46  Hydralisk  
  163  11:47  Hydralisk  
  163  11:48  Overlord x2  
  163  11:53  Zerg Melee Weapons Level 1  
  155  12:33  Viper x2  
  155  12:35  Hydralisk x4  
  170  12:37  Drone x6  
  170  12:38  Drone x3  
  170  12:43  Adaptive Talons  
  173  13:09  Drone x2  
  173  13:10  Drone x5  
  180  13:21  Queen  
  182  13:27  Spore Crawler  
  181  13:34  Ultralisk Cavern  
  181  13:35  Nydus Network  
  181  13:36  Adrenal Glands  
  179  13:45  Zerg Ground Armor Level 3  
  179  13:48  Spore Crawler  
  178  13:49  Spore Crawler  
  124  14:45  Viper x2  
  124  14:46  Viper x2  
  124  14:47  Ultralisk x2  
  124  14:48  Zergling x4  
  124  14:49  Zergling x2  
  124  14:50  Drone x5  
  124  14:51  Drone  
  157  15:00  Hydralisk x4  
  157  15:01  Extractor  
  157  15:02  Extractor  
  155  15:15  Lurker x5  
  155  15:20  Ultralisk  
  155  15:21  Zergling x12  
  127  15:37  Hydralisk x5  
  127  15:39  Drone x2  
  127  15:40  Drone x4  
  79  16:09  Ultralisk x2  
  79  16:10  Ultralisk x2  
  108  16:11  Zergling x8  
  108  16:12  Zergling x6  
  108  16:14  Zerg Melee Weapons Level 2  
  115  16:18  Zergling x2  
  115  16:19  Zergling x4  
  114  16:36  Anabolic Synthesis  
  91  17:08  Viper x3  
  68  17:09  Zergling x12  
  68  17:10  Zergling x6  
  74  17:19  Chitinous Plating  
  65  17:38  Ultralisk x2  
  65  17:39  Zergling x8  
  65  17:42  Hydralisk x2  
  65  17:43  Hydralisk  
  73  17:44  Drone  
  73  17:45  Drone x2  
  65  17:58  Zergling x2  
  65  18:05  Drone  
  65  18:07  Zergling x6  
  68  18:14  Zergling x4  
  68  18:15  Zergling x2  
  61  18:37  Hydralisk x3  
  61  18:39  Drone x2  
Show
View Real Time Build Order
Export as new Build Order

Massa Terran 

Build Orders: Reaper Expand 

Get SALT Encoding   

  12  0:00  SCV  
  13  0:12  SCV  
  14  0:21  Supply Depot  
  14  0:24  SCV  
  15  0:42  SCV  
  16  0:43  Barracks  
  16  0:48  Refinery  
  16  0:54  SCV  
  17  1:06  SCV  
  18  1:19  SCV  
  19  1:29  Command Center  
  19  1:36  Orbital Command  
  19  1:41  Reaper  
  20  1:56  Supply Depot  
  20  2:02  SCV  
  21  2:12  Factory  
  21  2:18  Marine  
  21  2:21  Supply Depot  
  21  2:22  SCV  
  23  2:29  Refinery  
  23  2:34  SCV  
  24  2:52  SCV x2  
  24  2:55  Command Center  
  26  3:04  SCV  
  27  3:06  Orbital Command  
  27  3:10  Hellion  
  29  3:13  Marine  
  30  3:30  SCV  
  30  3:33  SCV  
  32  3:42  SCV  
  32  3:45  SCV  
  34  3:51  Hellion  
  34  3:54  SCV  
  36  4:00  SCV  
  36  4:01  Barracks Tech Lab  
  37  4:06  SCV  
  38  4:13  SCV  
  39  4:20  Barracks x2  
  39  4:22  Orbital Command, Barracks  
  39  4:23  Barracks  
  39  4:24  SCV  
  40  4:32  SCV  
  40  4:36  SCV  
  42  4:44  SCV  
  43  4:48  Starport  
  43  4:50  Factory  
  43  4:51  SCV x2  
  45  4:56  SCV  
  45  4:57  Marauder  
  45  4:59  Stimpack  
  48  5:03  SCV x2  
  50  5:10  SCV  
  50  5:11  Barracks Reactor, Barracks Tech Lab, Factory Tech Lab  
  50  5:12  Barracks Reactor, Barracks Tech Lab  
  51  5:15  SCV x2  
  51  5:17  Engineering Bay  
  51  5:19  Armory  
  53  5:22  SCV  
  53  5:23  Engineering Bay  
  54  5:30  Supply Depot  
  54  5:31  Supply Depot  
  54  5:32  Supply Depot  
  54  5:34  Supply Depot  
  54  5:55  Supply Depot  
  54  5:56  Supply Depot  
  53  5:57  Missile Turret  
  53  5:59  Terran Infantry Armor Level 1, Terran Infantry Weapons Level 1  
  53  6:03  Factory Tech Lab  
  53  6:04  Starport Reactor  
  53  6:05  Combat Shield  
  53  6:06  Concussive Shells  
  53  6:10  Terran Vehicle Weapons Level 1  
  53  6:12  SCV x2  
  53  6:14  SCV  
  54  6:24  SCV x2  
  56  6:26  SCV  
  57  6:34  Missile Turret  
  57  6:35  Marauder  
  57  6:36  SCV x2, Marauder x2, Marine x4  
  57  6:38  SCV  
  70  6:42  Missile Turret  
  70  6:46  Refinery  
  70  6:47  Refinery  
  70  6:48  SCV  
  71  6:54  Marine x4  
  71  6:56  Siege Tank  
  71  6:57  Marauder x3  
  84  7:12  Refinery, Marine x4  
  84  7:14  Refinery  
  84  7:15  Missile Turret  
  88  7:18  Marine  
  88  7:20  Siege Tank  
  88  7:22  Supply Depot x3  
  92  7:24  Command Center  
  92  7:30  Smart Servos  
  92  7:43  SCV x2  
  92  7:44  SCV  
  95  7:46  Supply Depot  
  95  7:55  SCV  
  95  7:56  SCV x2, Siege Tank  
  95  7:57  Siege Tank  
  95  7:58  Medivac  
  106  8:05  Missile Turret  
  106  8:08  SCV  
  106  8:09  Missile Turret  
  106  8:11  Terran Infantry Weapons Level 2, Missile Turret  
  107  8:21  SCV x3  
  110  8:33  SCV x2  
  110  8:34  SCV  
  111  8:37  Missile Turret  
  111  8:40  Planetary Fortress  
  111  8:45  SCV  
  111  8:46  SCV x2  
  113  8:51  Siege Tank x2  
  113  8:53  Marauder x3, Marine x4  
  113  8:54  Terran Infantry Armor Level 2  
  129  8:57  SCV  
  129  8:58  SCV x2  
  129  9:01  Missile Turret  
  132  9:09  SCV  
  133  9:10  Refinery, Marine  
  133  9:11  Marine x2  
  133  9:12  Refinery  
  133  9:14  Marauder x2  
  140  9:22  Medivac x2  
  140  9:23  Siege Tank x2  
  150  9:25  Command Center  
  150  9:31  Drilling Claws  
  150  9:32  Missile Turret  
  150  9:36  SCV x3  
  153  9:52  Medivac x2  
  157  10:10  Marine x7  
  164  10:19  Supply Depot x2  
  164  10:21  Supply Depot  
  164  10:22  Supply Depot  
  164  10:36  Marine x4  
  164  10:37  Widow Mine x2, Viking x2  
  176  10:44  Supply Depot x2  
  176  10:47  Supply Depot  
  176  10:49  Supply Depot  
  176  10:55  Starport  
  176  10:57  Starport  
  176  10:58  Widow Mine x2  
  180  11:07  Terran Vehicle Weapons Level 2, Viking x2  
  180  11:08  Supply Depot  
  180  11:10  Terran Infantry Weapons Level 3  
  184  11:12  Terran Infantry Armor Level 3  
  184  11:13  Armory, Planetary Fortress  
  184  11:16  SCV x2  
  184  11:17  Missile Turret  
  186  11:20  Widow Mine  
  188  11:35  Sensor Tower  
  188  11:36  Viking x2  
  192  11:40  Starport Tech Lab, Starport Reactor  
  189  12:06  Medivac x2  
  189  12:07  Medivac  
  195  12:15  Marine  
  195  12:16  Marine x4  
  196  12:36  Medivac x2  
  199  12:38  Refinery  
  199  12:43  Missile Turret  
  188  12:58  Marauder x2, Marine  
  193  13:07  Thor  
  199  13:14  Terran Vehicle And Ship Armor Level 1  
  199  13:47  Neosteel Armor  
  199  13:48  Refinery  
  195  13:49  Hi-Sec Auto Tracking  
  123  14:26  Marauder  
  123  14:27  Marauder x2, Marine x3  
  129  14:41  Siege Tank  
  129  14:42  Siege Tank  
  129  14:43  Marine  
  129  14:45  SCV x5, Marine x3  
  141  14:48  Marauder x3  
  141  14:51  Barracks  
  148  14:53  Barracks  
  148  14:57  SCV x2  
  150  15:01  Marine  
  150  15:02  Marine  
  152  15:09  Marauder  
  152  15:10  Marauder x2  
  152  15:14  Siege Tank x2  
  147  15:22  Marine  
  147  15:23  Marine x3  
  144  15:31  Marauder x3  
  118  15:36  Liberator x4  
  118  15:40  Marine x2  
  118  15:41  Marine x2  
  110  15:43  Marine  
  110  15:44  Marine  
  110  15:46  Siege Tank x2  
  118  15:52  Barracks, Marauder, Marine  
  118  15:53  Barracks, Marauder  
  118  15:55  Barracks  
  119  15:58  Marine x4  
  119  16:01  Marine x2  
  120  16:10  Marauder  
  108  16:13  Marauder  
  108  16:14  Marauder  
  108  16:16  Marine x4  
  108  16:18  Siege Tank x2  
  117  16:19  Marine x2  
  119  16:32  Marauder  
  121  16:35  Marauder x2  
  102  16:49  Marine  
  102  16:50  Barracks Tech Lab, Marine x7, Siege Tank x2  
  102  16:53  Marauder  
  115  16:56  Marauder  
  115  16:57  Marauder, Viking x4  
  125  17:07  Marine  
  125  17:08  Marine x6  
  122  17:15  Marauder x2, Marine  
  110  17:18  Marauder  
  110  17:22  Siege Tank  
  112  17:25  Marine  
  112  17:26  Marine x6  
  112  17:27  Viking x2  
  116  17:33  Marine  
  116  17:36  Marauder  
  116  17:37  Marauder  
  114  17:39  Marauder  
  102  17:44  Marine x3  
  102  17:47  Marine  
  102  17:48  Marine  
  102  17:50  Marine  
  102  17:51  Marine  
  100  17:54  Siege Tank  
  100  17:57  Marauder  
  100  17:58  Marauder  
  107  18:00  Liberator x2  
  107  18:01  Marauder, Liberator x2  
  107  18:02  Marine x3  
  107  18:05  Marine x2  
  121  18:06  Marine  
  121  18:09  Marine  
  117  18:19  Marauder x2, Marine  
  106  18:20  Barracks, Marine x2  
  106  18:22  Marauder  
  106  18:23  Marine x2  
  106  18:24  Barracks, Marine  
  106  18:26  Barracks  
  115  18:29  Factory Tech Lab  
  104  18:37  Marine  
  104  18:38  Marine x2  
  104  18:40  Marauder  
  104  18:41  Marine x3  
  104  18:44  Marauder  
Tags
 
Add a new tag
Caveats
  • Supply blocks, unpowered buildings, or Contaminate may cause inaccurate times.
  • Supply counts are checked every 10 seconds.